 Dungeon Crawl Stone Soup version 0.27-a0-1217-g8a41f320e8 (webtiles) character file.

Game seed: 5288520066991470388

77 mg7810 the Skirmisher (level 4, -1/40 HPs)
             Began as a Draconian Monk on June 5, 2021.
             Was a Believer of the Shining One.
             Killed by divine providence
             ... invoked by an orc priest
              (14 damage)
             ... on level 3 of the Dungeon.
             The game lasted 00:05:35 (2363 turns).

mg7810 the Skirmisher (Draconian Monk)              Turns: 2363, Time: 00:05:35

Health: -1/40      AC:  5    Str: 14    XL:     4   Next: 14%
Magic:  2/5        EV: 12    Int: 11    God:    the Shining One [**....]
Gold:   126        SH: 10    Dex: 13    Spells: 5/5 levels left

rFire    + . .     SeeInvis .   h - staff of fire
rCold    . . .     Faith    .   b - +0 buckler
rNeg     + . .     Spirit   .   (armour unavailable)
rPois    .         Reflect  .   (helmet restricted)
rElec    .         Harm     .   (no cloak)
rCorr    .         Rampage  .   (no gloves)
Will     .....                  (no boots)
Stlth    +.........             (no amulet)
HPRegen  0.13/turn              (no ring)
MPRegen  0.09/turn              (no ring)

@: divinely shielded, hasted, glowing, very quick
A: AC +5, unfitting armour, cold-blooded
a: Renounce Religion, Divine Shield


You were on level 3 of the Dungeon.
You worshipped the Shining One.
The Shining One was pleased with you.
You visited 1 branch of the dungeon, and saw 3 of its levels.

You collected 126 gold pieces.

Inventory:

Missiles
 l - 6 boomerangs (quivered)
Armour
 b - a +0 buckler (worn)
Magical Staves
 h - a staff of fire (weapon)
Scrolls
 a - a scroll of enchant armour {unknown}
 c - a scroll of immolation {unknown}
 d - a scroll of magic mapping {unknown}
 e - 6 scrolls of teleportation {unknown}
 f - a scroll of identify {unknown}
 g - 2 scrolls of amnesia {unknown}
Potions
 j - a potion of lignification {unknown}


   Skills:
 + Level 3.7 Fighting
 * Level 0.6 Staves
 + Level 3.0 Dodging
 + Level 1.9 Stealth
 * Level 1.0 Shields
 + Level 3.5 Unarmed Combat
 * Level 1.0 Spellcasting
 * Level 0.5 Invocations
 * Level 0.4 Evocations


You had 5 spell levels left.
You didn't know any spells.
Your spell library contained the following spells:

 Spells                   Type           Power      Damage    Failure   Level
 Corona                   Hex            0%         N/A       43%         1
 Ensorcelled Hibernation  Hex/Ice        0%         N/A       56%         2
 Confusing Touch          Hex            0%         N/A       80%         3
 Dazzling Flash           Conj/Hex       0%         N/A       80%         3
 Tukima's Dance           Hex            0%         N/A       80%         3


Dungeon Overview and Level Annotations

Branches:
Dungeon (3/15)

Altars:
Gozag
Yredelemnul
The Shining One


Innate Abilities, Weirdness & Mutations

Your plain brown scales are hard. (AC +5)
You cannot fit into any form of body armour.
You are cold-blooded and may be slowed by cold attacks.


Message History

You barely miss the adder.
Your tail-slap misses the adder.
The adder barely misses you.
You hit the adder but do no damage.
Your tail-slap misses the adder.
You block the adder's attack.
The orc priest miscasts a cantrip.
You block the adder's attack.
You hit the adder.
The adder is heavily wounded.
The adder bites you but does no damage.
You closely miss the adder.
You tail-slap the adder, but do no damage.
The adder is heavily wounded.
The adder closely misses you.
The orc priest looks braver for a moment.
The adder misses you.
The orc priest calls down the wrath of Beogh upon you.
Beogh smites you!
You closely miss the adder.
The adder is heavily wounded.
The adder bites you but does no damage. The adder closely misses you.
You hit the adder.
The adder is almost dead.
The orc priest mumbles some strange prayers to Beogh against you.
Beogh smites you! You block the adder's attack.
Unknown command.
You barely miss the adder.
The adder is almost dead.
You block the adder's attack. The adder misses you.
You hit the adder.
You kill the adder!
The orc priest hits you with a +0 hand axe.
Your Spellcasting skill increases to level 1!
You feel yourself speed up. The orc priest misses you.
You hit the orc priest but do no damage.
Your tail-slap misses the orc priest.
You hit the orc priest.
Your tail-slap misses the orc priest.
The orc priest is lightly wounded.
The orc priest mumbles some strange prayers to Beogh against you.
Beogh smites you!
You die...

.....# #...#
##### #S.#
#^#^###.o#
#^..^##o.#
#_^..'...#
#.^^.##..#
#^#.###..#####
## #####
#.oo@..#
#.######
######.#
#...##<# #.# .
#....# #.# ..
#.#### #.#
...###.#
####.#
.......#
#....#######
..#+#..######
#.##.......#
............#
#.##.#####.#


You could see an orc priest and an orc.

Vanquished Creatures
  Terence (D:2)
  An adder (D:3)
  An orc (D:3)
  4 ball pythons
  8 endoplasms
  4 goblins
  5 hobgoblins
  6 jackals (D:1)
  2 bats (D:2)
  3 kobolds
  2 rats (D:2)
  A spectral orc (D:3)
38 creatures vanquished.

Notes
Turn   | Place    | Note
-------+----------+-------------------------------------------
     0 | D:1      | mg7810 the Draconian Monk began the quest for the Orb.
     0 | D:1      | Reached XP level 1. HP: 19/19 MP: 1/1
   323 | D:1      | Reached XP level 2. HP: 22/26 MP: 2/2
   668 | D:1      | Found a faded altar of an unknown god.
  1113 | D:1      | Became a worshipper of the Shining One
  1113 | D:1      | Reached * piety under the Shining One
  1113 | D:1      | Reached ** piety under the Shining One
  1190 | D:2      | Reached XP level 3. HP: 22/33 MP: 3/3
  1787 | D:2      | Noticed Terence
  1812 | D:2      | HP: 1/33 [Terence/+0 mace (6)]
  1832 | D:2      | Killed Terence
  1833 | D:2      | Reached skill level 1 in Shields
  2222 | D:3      | Found an opulent altar of Gozag.
  2305 | D:3      | Found a basalt altar of Yredelemnul.
  2350 | D:3      | Reached XP level 4. HP: 40/40 MP: 0/4
  2361 | D:3      | Reached skill level 1 in Spellcasting
  2363 | D:3      | Killed from afar by an orc priest

Illustrated notes

Levels and vault maps discovered:
D:1:      erik_arrival_cave_to_civilisation [erik_arrival_cave_to_hall],
          layout_rooms, hellmonk_ecumenical_altar_heavens_door,
          hangedman_decor_riveting
D:2:      layout_rooms, nrook_mini_backslash, nrook_uturn, glass_columns_a,
          hex_intersection, uniq_terence
D:3:      layout_basic, nicolae_gozag_seed_capital,
          yredelemnul_forgotten_temple_becter

Skill      XL: |  1  2  3  4 |
---------------+-------------+-----
Dodging        | 3 |  3.0
Shields        | 1 |  1.0
Spellcasting   | 1 |  1.0
Fighting       | |  3.7
Staves         | |  0.6
Stealth        | |  1.9
Unarmed Combat | |  3.5
Invocations    | |  0.5
Evocations     | |  0.4

Action                   |  1- 3 |  4- 6 || total
-------------------------+-------+-------++-------
Melee: Unarmed           |    68 |       ||    68
       Tailslap          |    15 |     1 ||    16
       Staff             |    65 |    13 ||    78
Invok: Divine Shield     |     3 |       ||     3
  Use: Potion            |     3 |     1 ||     4
Armor: Skin              |    36 |     3 ||    39
Dodge: Dodged            |    87 |     7 ||    94
Block: Buckler           |    28 |     7 ||    35

Table legend: (Time is in decaauts)
 A = Elapsed time spent in this place.
 B = Non-inter-level travel time spent in this place.
 C = Inter-level travel time spent in this place.
 D = Time resting spent in this place.
 E = Time spent auto-exploring this place.
 F = Levels seen in this place.
 G = Mean time per level.
                   A        B        C        D        E       F      G
               +--------+--------+--------+--------+--------+-----+--------+
         Total |   2365 |   2265 |    100 |      0 |   1811 |   3 |  788.3 |
       Dungeon |   2365 |   2265 |    100 |      0 |   1811 |   3 |  788.3 |
               +--------+--------+--------+--------+--------+-----+--------+

Top non-repeatable levels by time:
     D:1: 1132 daAuts
     D:2: 1017 daAuts
     D:3: 215 daAuts
